 Dungeon Crawl Stone Soup version 0.28.0-53-g5a82cb258f (webtiles) character file.

Game seed: 10163281595857317289

48 VictoriousLee the Cudgeller (level 3, 0/29 HPs)
             Began as a Demonspawn Monk on May 24, 2022.
             Slain by an orc priest
             ... wielding a +0 mace
              (4 damage)
             ... on level 2 of the Dungeon on May 25, 2022.
             The game lasted 00:04:32 (1418 turns).

VictoriousLee the Cudgeller (Demonspawn Monk)       Turns: 1418, Time: 00:04:33

Health: 0/29       AC:  2    Str: 13    XL:     3   Next: 50%
Magic:  3/3        EV: 12    Int: 11    God:
Gold:   31         SH:  0    Dex: 15    Spells: 2/2 levels left

rFire   . . .      SeeInvis .   c - +4 dagger
rCold   . . .      Faith    .   (no shield)
rNeg    . . .      Spirit   .   b - +0 robe
rPois   .          Reflect  .   (helmet restricted)
rElec   .          Harm     .   (no cloak)
rCorr   .          Rampage  .   (no gloves)
Will    .....                   (no boots)
Stlth   ++........              (no amulet)
HPRegen 0.09/turn               (no ring)
MPRegen 0.08/turn               (no ring)

@: no status effects
A: antennae 1
a: no special abilities


You were on level 2 of the Dungeon.
You visited 1 branch of the dungeon, and saw 2 of its levels.

You collected 31 gold pieces.

Inventory:

Hand Weapons
 a - a +0 mace
 c - a +4 dagger (weapon)
 f - a +0 whip
Missiles
 d - 39 stones (quivered)
 i - 2 javelins
 j - 21 bolts
Armour
 b - a +0 robe (worn)
Scrolls
 g - a scroll of magic mapping {unknown}
 l - a scroll of identify {unknown}
Potions
 e - 2 potions of brilliance {unknown}
 h - 2 potions of curing {unknown}
 k - a potion of ambrosia {unknown}


   Skills:
 - Level 3.0 Fighting
 + Level 1.1 Short Blades
 + Level 3.9 Maces & Flails
 - Level 2.6 Dodging
 - Level 1.7 Stealth


You had 2 spell levels left.
You didn't know any spells.
Your spell library was empty.

Dungeon Overview and Level Annotations

Branches:
Dungeon (2/15)

Altars:


Innate Abilities, Weirdness & Mutations

You have a pair of small antennae on your head.


Message History

You hit the goblin.
You kill the goblin!
Things that are here:
a +0 dagger; a goblin corpse You sense a monster nearby.
An orc priest comes into view. It is wielding a +0 mace.
The orc priest shouts!
You hear a shout! x2
The orc priest looks braver for a moment.
Found a stone staircase leading up.
An adder comes into view.
An orc comes into view. It is wielding a +0 mace.
An orc comes into view. It is wielding a +0 trident.
The orc moves out of view.
The orc priest mumbles some strange prayers to Beogh against you.
You barely resist. The orc priest hits you with a +0 mace.
You closely miss the orc priest. The orc barely misses you.
The orc priest hits you with a +0 mace!
You hit the orc priest.
The orc priest is moderately wounded.
The orc closely misses you. The orc priest barely misses you.
You hit the orc priest.
The orc priest is heavily wounded.
The orc barely misses you. The orc priest hits you with a +0 mace.
You barely miss the orc priest.
The orc priest is heavily wounded.
The orc barely misses you. The orc priest hits you with a +0 mace!
* * * LOW HITPOINT WARNING * * *
You closely miss the orc priest.
The orc priest is heavily wounded.
The orc hits you but does no damage.
You hit the orc priest.
The orc priest is severely wounded.
The orc closely misses you. The orc priest misses you.
You barely miss the orc priest.
The orc priest is severely wounded.
The orc hits you from afar with a +0 trident.
* * * LOW HITPOINT WARNING * * *
The orc priest hits you with a +0 mace.
You die...

#. #.# ##.######
........############
................@o.#
........##########o#
........# #.#
........# #.#
...)....# #.#
........# #.#####
##.###### #.....#
#.####### #####o#
#.......# ...


You could see an orc priest and an orc.

Vanquished Creatures
  2 dart slugs (D:1)
  3 endoplasms (D:1)
  2 giant cockroaches (D:1)
  4 hobgoblins (D:1)
  3 jackals (D:1)
  A quokka (D:1)
  4 ball pythons (D:1)
  5 bats (D:1)
  2 frilled lizards (D:1)
  3 goblins
  5 kobolds (D:1)
  6 rats (D:1)
40 creatures vanquished.

Notes
Turn   | Place    | Note
-------+----------+-------------------------------------------
     0 | D:1      | VictoriousLee the Demonspawn Monk began the quest for the
                  | Orb.
     0 | D:1      | Reached XP level 1. HP: 18/18 MP: 1/1
   127 | D:1      | Gained mutation: You have a pair of small antennae on your
                  | head. [demonic ancestry]
   127 | D:1      | Reached XP level 2. HP: 6/24 MP: 2/2
   136 | D:1      | HP: 1/24 [rat (2)]
   711 | D:1      | Reached XP level 3. HP: 16/29 MP: 3/3
  1201 | D:1      | Reached skill level 1 in Short Blades
  1336 | D:1      | You fall into a shaft and drop 1 floor!
  1418 | D:2      | Slain by an orc priest

Illustrated notes

Levels and vault maps discovered:
D:1:      onia_arrival_pentagram, layout_loops_ring, minmay_quantized
D:2:      layout_basic, ebering_ecumenical_altar_sacrificial, uniq_terence

Skill      XL: |  1  2  3 |
---------------+----------+-----
Maces & Flails | 3 |  3.9
Short Blades   | 1 |  1.1
Fighting       | |  3.0
Dodging        | |  2.6
Stealth        | |  1.7

Action                   || total
-------------------------++-------
Melee: Dagger            ||    99
       Mace              ||     1
       Punch             ||     2
 Stab: Sleeping          ||     2
Armor: Robe              ||    20
Dodge: Dodged            ||    64
